 Seeded DCSS version 0.30.0-30-g96aa6591b8 (webtiles) character file.

Game seed: 6351066067085065685 (custom seed)

5519 Esekla the Thaumaturge (level 10, -8/52 HPs)
             Began as a Deep Elf Necromancer on June 26, 2023.
             Was an Elder of Vehumet.
             Mangled by a two-headed ogre
             ... wielding a +0 giant spiked club
              (23 damage)
             ... on level 9 of the Dungeon.
             The game lasted 01:05:55 (10603 turns).

Esekla the Thaumaturge (Deep Elf Necromancer)      Turns: 10603, Time: 01:05:55

Health: -8/52      AC:  9    Str:  5    XL:     10   Next: 43%
Magic:  35/37      EV: 16    Int: 25    God:    Vehumet [****..]
Gold:   555        SH:  0    Dex: 15    Spells: 23/33 levels left

rFire   . . .        c - +4 scimitar
rCold   . . .        (no shield)
rNeg    . . .        h - +0 steam dragon scales
rPois   .            D - +1 helmet
rElec   .            L - +0 cloak
rCorr   .            m - +0 pair of gloves
SInv    .            (no boots)
Will    +....        C - amulet of magic regeneration
Stlth   +++          v - ring of magical power
HPRegen 0.28/turn    (no ring)
MPRegen 0.65/turn

%: no passive effects
@: studying Fighting
A: no striking features
a: Renounce Religion


You were on level 9 of the Dungeon.
You worshipped Vehumet.
Vehumet was greatly pleased with you.
You visited 1 branch of the dungeon, and saw 9 of its levels.
You also visited: Bailey.

You collected 555 gold pieces.

Inventory:

Hand Weapons
 a - the +5 rapier of the Hero {heavy, rN+ Dex+3}
   (You found it on level 3 of the Dungeon)

   Dex:       It affects your dexterity (+3).
   rN:        It protects you from negative energy.
 c - a +4 scimitar (weapon)
 r - a +4 trident of venom
 s - a +2 vampiric dagger
 F - the +2 bardiche of Puhoisos {heavy, rElec Stlth+}
   (You found it in a bailey)

   rElec:     It insulates you from electricity.
   Stlth:     It makes you more stealthy.
Missiles
 b - 5 throwing nets
 p - 20 poisoned darts (quivered)
 J - 5 curare-tipped darts
 M - 3 boomerangs
Armour
 h - +0 steam dragon scales (worn)
 m - a +0 pair of gloves (worn)
 D - a +1 helmet (worn)
 K - a +0 buckler
 L - a +0 cloak (worn)
Jewellery
 v - a ring of magical power (left hand)
 C - an amulet of magic regeneration (around neck)
Wands
 i - a wand of roots (22)
 A - a wand of flame (10)
 H - a wand of mindburst (4)
Scrolls
 e - 3 scrolls of fear {unknown}
 f - 3 scrolls of enchant weapon {unknown}
 n - 2 scrolls of fog
 q - 5 scrolls of blinking
 t - a scroll of amnesia
 u - a scroll of immolation {unknown}
 w - a scroll of torment {unknown}
 x - a scroll of summoning {unknown}
 y - a scroll of silence {unknown}
 z - a scroll of enchant armour {unknown}
 B - a scroll of magic mapping {unknown}
 E - 2 scrolls of teleportation {unknown}
 G - 2 scrolls of poison
 I - 3 scrolls of noise {unknown}
 N - a scroll of acquirement
Potions
 d - 3 potions of ambrosia
 g - 5 potions of attraction
 j - 3 potions of haste
 k - 7 potions of curing
 l - a potion of mutation
 o - 3 potions of brilliance


   Skills:
 * Level 1.0 Fighting
 + Level 3.6(4.0) Short Blades
 + Level 2.1(3.0) Long Blades
 + Level 1.0 Throwing
 * Level 7.8 Dodging
 + Level 5.5 Stealth
 * Level 2.5 Shields
 * Level 12.1 Spellcasting
 + Level 3.2 Conjurations
 + Level 8.8 Necromancy
 + Level 3.5 Translocations
 * Level 1.9 Air Magic
 * Level 1.9 Poison Magic
 + Level 0.5 Evocations


You had 23 spell levels left.
You knew the following spells:

 Your Spells              Type           Power      Damage    Failure   Level
a - Magic Dart            Conj           100%       1d8       1%          1
c - Mephitic Cloud        Conj/Pois/Air  27%        N/A       1%          3
d - Vampiric Draining     Necr           56%        2d10      1%          3
t - Teleport Other        Tloc           33%        N/A       2%          3

Your spell library contained the following spells:

 Spells                   Type           Power      Damage    Failure   Level
 Necrotise                Necr           100%       1d9       1%          1
 Lesser Beckoning         Tloc           66%        N/A       1%          2
 Animate Dead             Necr           56%        N/A       1%          4
 Gell's Gravitas          Tloc           33%        N/A       2%          3
 Agony                    Necr           56%        N/A       3%          5
 Spider Form              Tmut/Pois      20%        N/A       8%          3
 Cause Fear               Hex            7%         N/A       36%         4
 Summon Mana Viper        Hex/Summ       15%        N/A       73%         5


Dungeon Overview and Level Annotations

Branches:
Dungeon (9/15)             Temple (0/1) D:6          Bailey (visited)
   Lair: D:8-11         Orc: D:9-12

Altars:
Dithmenos
Fedhas
Hepliaklqana
Okawaru
Qazlal
Trog
Uskayaw
Vehumet
Zin
The Shining One

Shops:
D:2 =   D:4 (

Annotations:
D:8 1 transporter, 2 headed ogre


Message History

Throw: 22 darts (poison)
Press: ? - help, Q - select action, (/) - cycle Shift-Dir - straight line, f/p - two-headed ogre
Aim: a two-headed ogre, wielding a +0 giant spiked club and a +0 giant club (lightly wounded, confused, very poisoned, 85% to hit)
You throw a poisoned dart.
The poisoned dart hits the two-headed ogre.
The two-headed ogre looks as sick as possible!
The two-headed ogre is lightly wounded.
Throw: 21 darts (poison)
Press: ? - help, Q - select action, (/) - cycle Shift-Dir - straight line, f/p - two-headed ogre
Aim: a two-headed ogre, wielding a +0 giant spiked club and a +0 giant club (lightly wounded, confused, extremely poisoned, 85% to hit)
You throw a poisoned dart.
The poisoned dart barely misses the two-headed ogre.
You feel a sense of dread.
s - a +2 vampiric dagger (weapon)
Casting: Mephitic Cloud (safe; 1% risk of failure)
Confirm with . or Enter, or press ? or * to list all spells.
Aiming: Magic Dart (safe; 1% risk of failure)
Press: ? - help, Shift-Dir - straight line, f/p - two-headed ogre
Aim: a two-headed ogre, wielding a +0 giant spiked club and a +0 giant club (lightly wounded, confused, extremely poisoned, 100% to hit)
The magic dart hits the two-headed ogre!
The two-headed ogre is moderately wounded.
You barely miss the two-headed ogre.
The two-headed ogre is moderately wounded.
The two-headed ogre seems less confused.
The two-headed ogre hits you with a +0 giant spiked club!!
Ouch! That really hurt!
The two-headed ogre closely misses you.
You feel the dreadful sensation subside.
c - a +4 scimitar (weapon)
Casting: Magic Dart (safe; 1% risk of failure)
Confirm with . or Enter, or press ? or * to list all spells.
Aiming: Vampiric Draining (safe; 1% risk of failure)
Press: ? - help, Shift-Dir - straight line, f/p - two-headed ogre
Aim: a two-headed ogre, wielding a +0 giant spiked club and a +0 giant club (heavily wounded, very poisoned)
You draw life force from the two-headed ogre.
You feel life coursing into your body.
The two-headed ogre hits you with a +0 giant spiked club!
* * * LOW HITPOINT WARNING * * *
The two-headed ogre hits you with a +0 giant club!!
You die...

####### ....... ......( #
....... # ....... #
#############....... ###
#..(..(((O@.........
..#####...#######..((.....
..........# #...######
#.........# #...#
#.........# ###.#
#........O# .# #........(#
.# #.)......... .#
#............


You could see a two-headed ogre (very poisoned).

Vanquished Creatures
  Pikel (D:6)
  2 orc knights (Bailey)
  Joseph (D:7)
  A steam dragon (D:7)
  A wyvern (D:7)
  Menkaure (D:7)
  An ice beast (D:6)
  A sky beast (D:6)
  7 orc warriors (Bailey)
  2 black bears
  2 ogres
  A centaur (D:7)
  A phantom (D:7)
  Blork the orc (D:6)
  2 kobold brigands
  2 gnoll sergeants (D:7)
  A bullfrog (D:7)
  2 scorpions (D:5)
  3 wights
  4 killer bees (D:9)
  A quasit (D:7)
  2 gnoll boudas
  6 hounds
  A jelly (D:6)
  Crazy Yiuf (D:7)
  4 orc priests (D:8)
  A sleepcap (D:5)
  5 iguanas
  5 orc wizards
  24 gnolls
  9 adders
  3 shadow imps
  6 white imps
  4 ufetubi
  A worm (D:4)
  3 dart slugs
  48 orcs
  6 ball pythons
  4 bats
  4 endoplasms
  9 goblins
  7 hobgoblins
  A quokka (D:1)
  4 frilled lizards
  14 kobolds
  A rat (D:2)
211 creatures vanquished.

Vanquished Creatures (others)
  A killer bee (D:9)
1 creature vanquished.

Grand Total: 212 creatures vanquished

Notes
Turn   | Place    | Note
-------+----------+-------------------------------------------
     0 | D:1      | Esekla the Deep Elf Necromancer began the quest for the
                  | Orb.
     0 | D:1      | Reached XP level 1. HP: 10/10 MP: 6/6
   262 | D:1      | Reached skill level 5 in Necromancy
   388 | D:1      | Reached XP level 2. HP: 12/15 MP: 8/8
   744 | D:2      | Found Renulab's Jewellery Shop.
   899 | D:4      | Found a radiant altar of Vehumet.
   903 | D:4      | Became a worshipper of Vehumet
   914 | D:4      | Found an iron altar of Okawaru.
  1095 | D:3      | Reached XP level 3. HP: 17/19 MP: 9/9
  1099 | D:3      | Learned a level 3 spell: Vampiric Draining
  1503 | D:2      | Noticed a black bear
  1512 | D:2      | Killed a black bear
  1513 | D:2      | Reached skill level 1 in Short Blades
  1513 | D:2      | Reached XP level 4. HP: 8/24 MP: 1/11
  1619 | D:2      | Reached skill level 4 in Spellcasting
  1619 | D:2      | Reached XP level 5. HP: 26/28 MP: 8/13
  1673 | D:2      | Found a faded altar of an unknown god.
  2406 | D:3      | Identified the +5 rapier of the Hero {heavy, rN+ Dex+3}
  2631 | D:3      | Found a stormy altar of Qazlal.
  2633 | D:3      | Found a bloodstained altar of Trog.
  2666 | D:3      | Found a hazy altar of Hepliaklqana.
  2855 | D:4      | Found Ponaysk's Antique Weapon Boutique.
  2966 | D:4      | Found a glowing silver altar of Zin.
  3017 | D:4      | Reached XP level 6. HP: 29/33 MP: 10/15
  3312 | D:4      | Found a glowing golden altar of the Shining One.
  3514 | D:4      | Reached * piety under Vehumet
  3514 | D:4      | Offered knowledge of Magic Dart by Vehumet.
  3515 | D:4      | Reached skill level 1 in Fighting
  3515 | D:4      | Reached skill level 5 in Spellcasting
  3772 | D:5      | Entered Level 5 of the Dungeon
  3904 | D:5      | Learned a level 1 spell: Magic Dart
  3908 | D:5      | Got the Parchment of the Lumpy Olives
  3923 | D:5      | Learned a level 3 spell: Teleport Other
  4043 | D:5      | Reached XP level 7. HP: 38/38 MP: 10/17
  4112 | D:5      | Reached skill level 6 in Spellcasting
  4120 | D:5      | Reached skill level 1 in Translocations
  4219 | D:5      | Reached skill level 1 in Conjurations
  4417 | D:5      | Found a shadowy altar of Dithmenos.
  4463 | D:5      | Reached skill level 5 in Dodging
  5125 | D:6      | Reached skill level 7 in Spellcasting
  5200 | D:6      | Noticed Blork the orc
  5371 | D:6      | Found a blossoming altar of Fedhas.
  5382 | D:6      | Reached XP level 8. HP: 43/43 MP: 21/21
  5690 | D:6      | Reached skill level 8 in Spellcasting
  5753 | D:6      | Noticed Pikel
  5805 | D:6      | Killed Pikel
  5806 | D:6      | Reached skill level 9 in Spellcasting
  5872 | D:6      | Killed Blork the orc
  5946 | D:6      | Found a staircase to the Ecumenical Temple.
  6415 | D:6      | Upgraded the game from 0.30.0-29-ga12c61a403 to
                  | 0.30.0-30-g96aa6591b8
  6574 | D:7      | Offered knowledge of Sandblast by Vehumet.
  6575 | D:7      | Reached XP level 9. HP: 46/47 MP: 24/24
  6596 | D:7      | Reached ** piety under Vehumet
  6864 | D:7      | Noticed Menkaure
  7124 | D:7      | Noticed Joseph
  7165 | D:7      | Killed Joseph
  7166 | D:7      | Reached skill level 5 in Stealth
  7166 | D:7      | Reached skill level 10 in Spellcasting
  7597 | D:7      | Killed Menkaure
  7732 | D:7      | Found a runed translucent door.
  7733 | D:7      | Noticed Crazy Yiuf
  7741 | D:7      | Killed Crazy Yiuf
  7742 | D:7      | Reached skill level 1 in Shields
  8283 | D:8      | Noticed a two-headed ogre
  8535 | D:7      | Reached skill level 11 in Spellcasting
  8588 | D:8      | Offered knowledge of Stone Arrow by Vehumet.
  8627 | D:7      | Reached skill level 1 in Long Blades
  8717 | D:8      | Reached *** piety under Vehumet
  8931 | D:8      | Found a transporter.
  8932 | D:8      | Found a transporter.
  8933 | D:8      | Found a transporter.
  9083 | D:8      | Found a hide-covered altar of Uskayaw.
  9429 | D:8      | Found a transporter.
  9519 | D:8      | Offered knowledge of Mephitic Cloud by Vehumet.
  9529 | D:8      | Learned a level 3 spell: Mephitic Cloud
  9940 | D:9      | Found a flagged portal.
  9992 | Bailey   | Entered a bailey
 10016 | Bailey   | Reached XP level 10. HP: 45/52 MP: 27/27
 10252 | Bailey   | Reached **** piety under Vehumet
 10280 | Bailey   | Identified the +2 bardiche of Puhoisos {heavy, rElec
                  | Stlth+}
 10282 | Bailey   | Noticed an orc knight
 10282 | Bailey   | Noticed an orc knight
 10347 | Bailey   | Killed an orc knight
 10348 | Bailey   | Reached skill level 1 in Air Magic
 10348 | Bailey   | Reached skill level 1 in Poison Magic
 10417 | Bailey   | Killed an orc knight
 10418 | Bailey   | Reached skill level 1 in Throwing
 10418 | Bailey   | Reached skill level 12 in Spellcasting
 10585 | D:9      | Noticed a two-headed ogre
 10603 | D:9      | Mangled by a two-headed ogre

Illustrated notes

Levels and vault maps discovered:
D:1:      sevenhm_arrival_forest_fort_small_3, layout_rooms,
          chequers_serial_rivers_room_b, minmay_misc_feat_five
D:2:      layout_loops_ring, dreamdust_ecumenical_altar_angels_and_demons,
          serial_shops, shop
D:3:      layout_basic, grunt_temple_overflow_open, minmay_misc_feat_iff
D:4:      layout_basic, nicolae_overflow_quartered_altars, serial_shops,
          nicolae_diamond_shop
D:5:      layout_loops_ring, lemuel_doored_altar, minmay_misc_feat_rows,
          dreamdust_wishing_well
D:6:      layout_loops_cross, fedhas_altar_fruit_tree,
          minmay_temple_entry_glass, uniq_pikel, uniq_blork_the_orc
D:7:      layout_basic, uniq_menkaure, uniq_joseph, uniq_crazy_yiuf_cottage
D:8:      layout_basic, nicolae_uskayaw_dance_hall, serial_demonic,
          serial_demonic_d, serial_demonic_a, serial_demonic_c,
          serial_demonic_c, nicolae_diode_quadrants
D:9:      layout_irregular_city, kennysheep_little_box, enter_bailey_4,
          minmay_between, uniq_harold

Skill      XL: |  1  2  3  4  5  6  7  8  9 10 |
---------------+-------------------------------+-----
Necromancy     | 5 6 7 8 |  8.8
Dodging        | 3 4 5 7 |  7.8
Short Blades   | 1 2 3 |  3.6
Stealth        | 3 4 5 |  5.5
Spellcasting   | 4 5 7 9 11 12 | 12.1
Fighting       | 1 |  1.0
Translocations | 1 3 |  3.5
Conjurations   | 2 3 |  3.2
Shields        | 2 |  2.5
Long Blades    | 1 2 |  2.1
Air Magic      | 1 |  1.9
Poison Magic   | 1 |  1.9
Throwing       | 1 |  1.0
Evocations     | |  0.5

Action                     |  1- 3 |  4- 6 |  7- 9 | 10-12 || total
---------------------------+-------+-------+-------+-------++-------
  Melee: Short sword       |    18 |       |       |       ||    18
         Unarmed           |     9 |       |       |       ||     9
         Dagger            |    79 |    32 |    89 |     7 ||   207
         Punch             |     2 |     1 |     3 |     2 ||     8
         Rapier            |       |    37 |    64 |       ||   101
         Scimitar          |       |       |   137 |    28 ||   165
  Throw: Dart              |       |     7 |     9 |    25 ||    41
   Cast: Vampiric Draining |     5 |    26 |    85 |    25 ||   141
         Teleport Other    |       |       |     9 |       ||     9
         Mephitic Cloud    |       |       |     1 |    14 ||    15
         Magic Dart        |       |       |       |     1 ||     1
  Evoke: Wand              |       |       |    10 |       ||    10
    Use: Potion            |       |     3 |     3 |     1 ||     7
         Scroll            |       |       |    11 |       ||    11
   Stab: Sleeping          |     2 |     5 |    10 |     1 ||    18
         Distracted        |       |       |     1 |       ||     1
         Confused          |       |       |       |     1 ||     1
 Armour: Robe              |    19 |    12 |    36 |       ||    67
         Steam dragon scal |       |       |    67 |     9 ||    76
         Skin              |       |       |     1 |       ||     1
  Dodge: Dodged            |    72 |    70 |   312 |    45 ||   499
